 Dungeon Crawl Stone Soup version 0.19-a0-713-g934ebc7 (webtiles) character file.

86 mrath the Ruffian (level 4, -3/45 HPs)
             Began as a Troll Berserker on June 21, 2016.
             Was a Believer of Trog.
             Slain by a gnoll
             ... wielding a +0 halberd
              (11 damage)
             ... on level 2 of the Dungeon.
             The game lasted 00:05:10 (1424 turns).

mrath the Ruffian (Troll Berserker)                 Turns: 1424, Time: 00:05:11

Health: -3/45      AC:  5    Str: 25    XL:     4   Next: 26%
Magic:  3/3        EV: 10    Int:  3    God:    Trog [**....]
Gold:   87         SH:  0    Dex: 10    Spells: 0 memorised, 3 levels left

rFire  . . .     SeeInvis .       - Unarmed
rCold  . . .     Gourm    +     a - +0 animal skin
rNeg   . . .     Faith    .     (no shield)
rPois  .         Spirit   .     (helmet restricted)
rElec  .         Dismiss  .     (no cloak)
rCorr  .         Reflect  .     (gloves unavailable)
SustAt .         Harm     .     (boots unavailable)
MR     .....                    (no amulet)
Stlth  +.........               (no ring)
                                (no ring)

@: exhausted, slowed, very slow, not resistant to hostile enchantments, very
unstealthy
A: unfitting armour, claws 3, fast metabolism 3, gourmand, regeneration 2,
shaggy fur 1, tough skin 2
a: Berserk, Trog's Hand, Burn Spellbooks, Renounce Religion


You were on level 2 of the Dungeon.
You worshipped Trog.
Trog was pleased with you.
You were very full.

You visited 1 branch of the dungeon, and saw 2 of its levels.

You collected 87 gold pieces.

Inventory:

Missiles
 g - 8 steel tomahawks (quivered)
Armour
 a - a +0 animal skin (worn)
Jewellery
 m - a +1 ring of slaying {unknown}
Scrolls
 e - 3 scrolls of fear {unknown}
 i - 3 scrolls of identify {unknown}
 j - a scroll of amnesia {unknown}
Potions
 d - a potion of berserk rage {unknown}
 h - a potion of mutation {unknown}
 k - a potion of lignification {unknown}
Comestibles
 b - 3 bread rations
 c - 2 beef jerkies
 f - a meat ration
 l - 8 chunks of flesh


   Skills:
 + Level 3.4 Fighting
 - Level 2.4 Dodging
 + Level 4.1 Unarmed Combat


You had 3 spell levels left.
You didn't know any spells.

Dungeon Overview and Level Annotations

Branches:
Dungeon (2/15)

Altars:


Innate Abilities, Weirdness & Mutations

You are too large for most types of armour.
You have claws for hands.
Your metabolism is lightning-fast.
You like to eat raw meat.
You heal very quickly.
You are covered in fur. (AC +1)
You have very tough skin. (AC +2)


Message History

a whip; a club; a scroll labeled ARIROPL XIURPHU; a gnoll corpse x2
You feel a strong urge to attack something.
The gnoll hits you with a spear!
* * * LOW HITPOINT WARNING * * *
The gnoll misses you.
Items here: )) ? †† a whip; a club; a scroll labeled ARIROPL XIURPHU; a gnoll corpse x2
You feel your anger subside.
You are no longer berserk.
You are exhausted.
You feel yourself slow down. The gnoll barely misses you.
The gnoll hits you from afar with a halberd.
* * * LOW HITPOINT WARNING * * *
The gnoll closely misses you. The gnoll hits you with a spear.
* * * LOW HITPOINT WARNING * * *
The gnoll barely misses you. The gnoll closely misses you.
You scratch the gnoll.
The gnoll is moderately wounded.
The gnoll hits you from afar with a halberd!
You die...

#..# #.#
##.# #.#
#.# ##.#
#.# #..#
#.# ###.##
#.# #...#
#.# #.###
#.# #.# #@#
#.# #g# #.#
######g##
#.#
#.......#
#.#
#.......#
#.#
#.......#
#.#
#.......#
#.#
#.......#
#.#
#.......#
#.#########


You could see 2 gnolls.

Vanquished Creatures
  2 gnolls (D:2)
  2 adders (D:2)
  A worm (D:2)
  A dart slug (D:1)
  A ball python (D:2)
  3 bats
  4 goblins
  6 hobgoblins
  7 jackals
  4 kobolds
  3 quokkas (D:2)
  2 giant newts (D:1)
  2 rats
38 creatures vanquished.

Notes
Turn   | Place    | Note
--------------------------------------------------------------
     0 | D:1      | mrath the Troll Berserker began the quest for the Orb.
     0 | D:1      | Reached XP level 1. HP: 22/22 MP: 0/0
   216 | D:1      | Reached XP level 2. HP: 25/29 MP: 1/1
   885 | D:2      | Found a faded altar of an unknown god.
   945 | D:2      | Reached XP level 3. HP: 37/37 MP: 2/2
   968 | D:2      | Reached ** piety under Trog
  1324 | D:2      | Reached skill level 4 in Unarmed Combat
  1414 | D:2      | Reached XP level 4. HP: 14/45 MP: 3/3
  1424 | D:2      | Slain by a gnoll

Vault maps used:
D:1:      dpeg_arrival_connections
D:2:      ecumenical_altar_2

Skill      XL: |  1  2  3 |
---------------+----------+-----
Fighting       | 3 |  3.4
Unarmed Combat | 4 |  4.1
Dodging        | |  2.4

Action                   |  1- 3 |  4- 6 || total
-------------------------+-------+-------++-------
Melee: Unarmed           |   111 |     2 ||   113
       Punch             |     3 |       ||     3
Throw: Throwing net      |     1 |       ||     1
Invok: Berserk           |       |     1 ||     1
  Eat: Chunk             |    18 |       ||    18
Armor: Animal skin       |    50 |     2 ||    52
Dodge: Dodged            |    73 |     8 ||    81
